 Dungeon Crawl Stone Soup version 0.22-a0-456-g11ed031 (webtiles) character file.

4 HammerPanzer the Ruffian (level 1, 0/16 HPs)
             Began as a Draconian Transmuter on June 7, 2018.
             Slain by a jackal (1 damage)
             ... on level 1 of the Dungeon.
             The game lasted 00:01:12 (157 turns).

HammerPanzer the Ruffian (Draconian Transmuter)      Turns: 157, Time: 00:01:13

Health: 0/16       AC:  4    Str: 12    XL:     1   Next: 50%
Magic:  3/3        EV: 12    Int: 13    God:
Gold:   22         SH:  0    Dex: 11    Spells: 3/4 levels left

rFire    . . .     SeeInvis .     - Unarmed
rCold    . . .     Gourm    .   (no shield)
rNeg     . . .     Faith    .   (armour unavailable)
rPois    .         Spirit   .   (helmet restricted)
rElec    .         Reflect  .   (no cloak)
rCorr    .         Harm     .   (no gloves)
MR       .....                  (no boots)
Stlth    +.........             (no amulet)
HPRegen  0.05/turn              (no ring)
MPRegen  0.08/turn              (no ring)

@: no status effects
A: unfitting armour, cold-blooded, AC +4
a: no special abilities


You were on level 1 of the Dungeon.
You were not hungry.

You visited 1 branch of the dungeon, and saw 1 of its levels.

You collected 22 gold pieces.

Inventory:

Missiles
 a - 12 arrows
 b - 8 stones (quivered)
Jewellery
 e - an uncursed ring of magical power {unknown}
Scrolls
 d - a scroll of remove curse {unknown}
Comestibles
 c - a ration
 f - a chunk of flesh


   Skills:
 + Level 1.1 Fighting
 + Level 1.8 Dodging
 * Level 3.0 Unarmed Combat
 + Level 2.0 Spellcasting
 * Level 2.1 Transmutations


You had 3 spell levels left.
You knew the following spells:

 Your Spells              Type           Power        Failure   Level  Hunger
a - Beastly Appendage     Tmut           #.....       11%         1    ##.....

Your spell library contained the following spells:

 Spells                   Type           Power        Failure   Level  Hunger
 Spider Form              Tmut/Pois      #.........   45%         3    ####...
 Blade Hands              Tmut           #.........   96%         5    ######.
 Ice Form                 Ice/Tmut       #.......     86%         4    #####..
 Sticks to Snakes         Tmut           #.......     16%         2    ###....


Dungeon Overview and Level Annotations

Branches:
Dungeon (1/15)

Altars:


Innate Abilities, Weirdness & Mutations

Your plain brown scales are hard. (AC +4)
You cannot fit into any form of body armour.
You are cold-blooded and may be slowed by cold attacks.


Message History

The stone hits the jackal but does no damage.
The jackal is severely wounded.
The jackal bites you.
* * * LOW HITPOINT WARNING * * *
The jackal closely misses you.
Throwing (i - inventory)
b - 10 stones (quivered)
Press: ? - help, Shift-Dir - straight line, f/p - jackal
Aim: a jackal (severely wounded)
You throw a stone.
The stone hits the jackal but does no damage.
The jackal is severely wounded.
The jackal closely misses you.
Throwing (i - inventory)
b - 9 stones (quivered)
Press: ? - help, Shift-Dir - straight line, f/p - jackal
Aim: a jackal (severely wounded)
You throw a stone.
The stone hits the jackal but does no damage.
The jackal is severely wounded.
The jackal bites you.
You die...

#..# #(. ... ... # #h# .
#l# .####h# ..##h# #.##@#
######.##.#.#
............#
#####..###.### ##...#..#
#... #+# #.......# #.#
##.## #.......# #.###
#...# ##
#.......#####...###...###.
##...##.........##.....#..


You could see 3 jackals and a frilled lizard.

Vanquished Creatures
  A hobgoblin (D:1)
  A jackal (D:1)
  A frilled lizard (D:1)
  A rat (D:1)
4 creatures vanquished.

Notes
Turn   | Place    | Note
-------+----------+-------------------------------------------
     0 | D:1      | HammerPanzer the Draconian Transmuter began the quest for the Orb.
     0 | D:1      | Reached XP level 1. HP: 16/16 MP: 3/3
   157 | D:1      | Slain by a jackal

Vault maps used:
D:1:      minmay_arrival_shattered_statue

Action                   || total
-------------------------++-------
Melee: Unarmed           ||    15
       Tailslap          ||     3
Throw: Stone             ||    25
Armor: Skin              ||    15
Dodge: Dodged            ||    28

Table legend:
 A = Spawn XP
 B = Non-spawn XP
 C = Spawn XP percentage of total XP
 D = Spawn monster count
 E = Non-spawn monster count
 F = Spawn count percentage of total count
 G = Total turns spent on level
                    A         B        C        D         E        F      G
               +---------+---------+-------+---------+---------+-------+---------
         Total |       0 |       6 |   0.0 |       0 |       4 |   0.0 |   157
               +---------+---------+-------+---------+---------+-------+---------
           D:1 |       0 |       6 |   0.0 |       0 |       4 |   0.0 |   157
               +---------+---------+-------+---------+---------+-------+---------
